 Dungeon Crawl Stone Soup version 0.22-a0-448-g1fb7470 (webtiles) character file.

53 xccam the Ruffian (level 3, 0/28 HPs)
             Began as a Draconian Transmuter on June 4, 2018.
             Succumbed to a worker ant's poison
             ... on level 2 of the Dungeon.
             The game lasted 00:03:06 (1466 turns).

xccam the Ruffian (Draconian Transmuter)            Turns: 1466, Time: 00:03:06

Health: 0/28       AC:  5    Str: 10 (12) XL:     3   Next: 62%
Magic:  7/7        EV: 12    Int: 17 (19) God:
Gold:   55         SH:  0    Dex:  9 (11) Spells: 4/7 levels left

rFire    . . .     SeeInvis .     - Unarmed
rCold    . . .     Gourm    .   (no shield)
rNeg     . . .     Faith    .   (armour unavailable)
rPois    .         Spirit   .   (helmet restricted)
rElec    .         Reflect  .   (no cloak)
rCorr    .         Harm     .   (no gloves)
MR       .....                  (no boots)
Stlth    +.........             (no amulet)
HPRegen  0.09/turn              (no ring)
MPRegen  0.10/turn              (no ring)

@: brilliant, lethally poisoned (0 -> -7), very slightly contaminated, invisible
A: unfitting armour, cold-blooded, AC +5
a: no special abilities


You were on level 2 of the Dungeon.
You were not hungry.

You visited 1 branch of the dungeon, and saw 2 of its levels.

You collected 55 gold pieces.

Inventory:

Missiles
 a - 40 arrows
 b - 26 stones (quivered)
Jewellery
 g - an uncursed ring of protection from cold {unknown}
Scrolls
 d - a scroll of teleportation {unknown}
 e - a scroll of fear {unknown}
 k - a scroll of remove curse {unknown}
 l - a scroll of blinking {unknown}
 n - 2 scrolls of identify {unknown}
Comestibles
 c - a ration
 j - a chunk of flesh


   Skills:
 - Level 1.1 Fighting
 - Level 1.7 Dodging
 + Level 3.6 Unarmed Combat
 + Level 2.6 Spellcasting
 + Level 2.8 Transmutations


You had 4 spell levels left.
You knew the following spells:

 Your Spells              Type           Power        Failure   Level  Hunger
a - Beastly Appendage     Tmut           ###...       1%          1    #......
b - Sticks to Snakes      Tmut           ###.....     1%          2    ##.....

Your spell library contained the following spells:

 Spells                   Type           Power        Failure   Level  Hunger
 Spider Form              Tmut/Pois      ###.......   3%          3    ###....
 Blade Hands              Tmut           ###.......   16%         5    ######.
 Ice Form                 Ice/Tmut       ###.....     11%         4    #####..


Dungeon Overview and Level Annotations

Branches:
Dungeon (2/15)

Altars:


Innate Abilities, Weirdness & Mutations

Your plain brown scales are hard. (AC +5)
You cannot fit into any form of body armour.
You are cold-blooded and may be slowed by cold attacks.


Message History

You feel sick.
* * * LOW HITPOINT WARNING * * *
You feel sick.
* * * LOW HITPOINT WARNING * * *
You feel sick.
* * * LOW HITPOINT WARNING * * *
You feel sick.
* * * LOW HITPOINT WARNING * * *
You feel sick.
* * * LOW HITPOINT WARNING * * *
You feel sick.
* * * LOW HITPOINT WARNING * * *
You feel sick.
* * * LOW HITPOINT WARNING * * *
You feel sick.
* * * LOW HITPOINT WARNING * * *
You feel sick.
* * * LOW HITPOINT WARNING * * *
You feel sick.
You die...

#.###.#. ######
#.......
####....#####†###.#.
.####.............<.#
......#..##.#####.#.#
.........##.# #....#
.######.###.# #....#
#.# #.# ......# #@#
#.. .......# #.#
####.......# ..#
###....## #.## #?...#
#. .. #. #.


There were no monsters in sight!

Vanquished Creatures
  A worker ant (D:2)
  2 dart slugs (D:1)
  A leopard gecko (D:2)
  2 bats (D:1)
  3 giant cockroaches (D:1)
  3 goblins (D:1)
  A hobgoblin (D:1)
  3 kobolds (D:1)
  4 frilled lizards (D:1)
  6 rats (D:1)
26 creatures vanquished.

Vanquished Creatures (others)
  2 goblins (D:2)
2 creatures vanquished.

Grand Total: 28 creatures vanquished

Notes
Turn   | Place    | Note
-------+----------+-------------------------------------------
     0 | D:1      | xccam the Draconian Transmuter began the quest for the Orb.
     0 | D:1      | Reached XP level 1. HP: 16/16 MP: 3/3
   400 | D:1      | Reached XP level 2. HP: 21/23 MP: 5/5
   404 | D:1      | Learned a level 2 spell: Sticks to Snakes
  1295 | D:2      | Reached XP level 3. HP: 17/28 MP: 6/6
  1464 | D:2      | HP: 1/28 [poisoned by a worker ant]
  1466 | D:2      | Succumbed to a worker ant's poison

Vault maps used:
D:1:      saegor_arrival_simple_b, minmay_pentomino_z4
D:2:      fiery_altar_vehumet, nrook_mini_backslash,
          nicolae_dithmenos_shadow_blocks

Action                   || total
-------------------------++-------
Melee: Unarmed           ||   113
       Tailslap          ||     7
       Headbutt          ||     1
Throw: Stone             ||    14
 Cast: Beastly Appendage ||     1
  Use: Potion            ||     5
 Stab: Invisible         ||     1
  Eat: Chunk             ||     2
Armor: Skin              ||    33
Dodge: Dodged            ||    64

Table legend:
 A = Spawn XP
 B = Non-spawn XP
 C = Spawn XP percentage of total XP
 D = Spawn monster count
 E = Non-spawn monster count
 F = Spawn count percentage of total count
 G = Total turns spent on level
                    A         B        C        D         E        F      G
               +---------+---------+-------+---------+---------+-------+---------
         Total |       0 |      76 |   0.0 |       0 |      26 |   0.0 |  1466
               +---------+---------+-------+---------+---------+-------+---------
           D:1 |       0 |      40 |   0.0 |       0 |      24 |   0.0 |  1272
           D:2 |       0 |      36 |   0.0 |       0 |       2 |   0.0 |   194
               +---------+---------+-------+---------+---------+-------+---------
